 Dungeon Crawl Stone Soup version 0.28-a0-1435-g82390b3a13 (webtiles) character file.

Game seed: 11599786966868213803

1322 voltaire321 the Sneak (level 8, -1/48 HPs)
             Began as a Kobold Conjurer on Jan 10, 2022.
             Was a Follower of Nemelex Xobeh.
             Slain by an orc warrior (11 damage)
             ... on level 7 of the Dungeon.
             The game lasted 00:20:52 (7501 turns).

voltaire321 the Sneak (Kobold Conjurer)             Turns: 7501, Time: 00:20:52

Health: -1/48      AC:  7    Str:  6    XL:     8   Next: 90%
Magic:  2/14       EV: 12    Int: 24    God:    Nemelex Xobeh [*.....]
Gold:   212        SH:  6    Dex: 13    Spells: 9/16 levels left

rFire   + + .      SeeInvis .   c - +4 falchion "Utigh" {venom, Int+4}
rCold   . . .      Faith    .   n - +1 buckler
rNeg    . . .      Spirit   .   v - +2 ring mail {rF+}
rPois   .          Reflect  .   (no helmet)
rElec   .          Harm     .   (no cloak)
rCorr   +          Rampage  .   (no gloves)
Will    .....                   (no boots)
Stlth   ++++......              (no amulet)
HPRegen 0.16/turn               r - ring of resist corrosion
MPRegen 0.14/turn               t - ring of protection from fire

@: no status effects
A: small, no large weapons, nightstalker 3
a: Renounce Religion, Draw Escape, Draw Destruction, Draw Summoning


You were on level 7 of the Dungeon.
You worshipped Nemelex Xobeh.
Nemelex Xobeh was aware of your devotion.
You visited 2 branches of the dungeon, and saw 8 of its levels.

You collected 212 gold pieces.

Inventory:

Hand Weapons
 c - the +4 falchion "Utigh" (weapon) {venom, Int+4}
   (You found it on level 5 of the Dungeon)

   It poisons the flesh of those it strikes.
   Int:       It affects your intelligence (+4).
 h - a +1 whip of freezing
 s - a +0 rapier
Missiles
 m - 4 curare-tipped darts
Armour
 a - a +0 robe
 n - a +1 buckler (worn)
 v - a +2 ring mail of fire resistance (worn)
Magical Staves
 f - a staff of fire
Jewellery
 l - a +6 ring of strength
 q - a ring of ice
 r - a ring of resist corrosion (left hand)
 t - a ring of protection from fire (right hand)
Wands
 e - a wand of polymorph (11)
 i - a wand of digging (6)
 u - a wand of acid (12)
Scrolls
 b - 4 scrolls of teleportation
 g - a scroll of identify
 j - a scroll of vulnerability
Potions
 d - 2 potions of haste
 k - 3 potions of curing
 o - 3 potions of lignification
 p - a potion of magic
 w - a potion of degeneration {unknown}


   Skills:
 + Level 4.3 Fighting
 + Level 0.6 Armour
 + Level 5.5 Dodging
 + Level 6.4 Stealth
 + Level 1.6 Shields
 + Level 4.5 Spellcasting
 + Level 5.7 Conjurations
 + Level 1.8 Fire Magic
 + Level 2.2 Invocations


You had 9 spell levels left.
You knew the following spells:

 Your Spells              Type           Power      Damage    Failure   Level
a - Magic Dart            Conj           100%       1d8       5%          1
b - Searing Ray           Conj           66%        2d6       9%          2
c - Flame Wave            Conj/Fire      23%        2d6       75%         4

Your spell library contained the following spells:

 Spells                   Type           Power      Damage    Failure   Level
 Foxfire                  Conj/Fire      92%        2x1d8     12%         1
 Conjure Flame            Conj/Fire      23%        6-21      34%         3
 Dazzling Flash           Conj/Hex       38%        N/A       45%         3
 Summon Small Mammal      Summ           20%        N/A       50%         1
 Inner Flame              Hex/Fire       10%        N/A       75%         3
 Call Canine Familiar     Summ           5%         N/A       86%         3
 Summon Guardian Golem    Hex/Summ       5%         N/A       86%         3
 Fulminant Prism          Conj/Hex       9%         3d7       86%         4
 Iskenderun's Mystic Bla  Conj/Tloc      19%        2d6       86%         4


Dungeon Overview and Level Annotations

Branches:
Dungeon (7/15)             Temple (1/1) D:5

Altars:
Dithmenos
Elyvilon
Fedhas
Gozag
Kikubaaqudgha
Makhleb
Nemelex Xobeh
Okawaru
Qazlal
Ru
Sif Muna
Trog
Uskayaw
Vehumet
Wu Jian
Xom
Yredelemnul
Zin

Shops:
D:3 (   D:6 *


Innate Abilities, Weirdness & Mutations

You are small and have problems with some larger weapons.
You are completely attuned to the shadows.


Message History

The orc warrior is almost dead.
The orc warrior hits you but does no damage.
The searing ray hits the orc warrior.
The orc warrior is almost dead.
You finish channelling your searing ray.
The orc warrior hits you but does no damage.
Casting: Searing Ray (safe; 9% risk of failure)
Confirm with . or Enter, or press ? or * to list all spells.
Aiming: Searing Ray (safe; 9% risk of failure)
Press: ? - help, Shift-Dir - straight line, f/p - orc warrior
Aim: an orc warrior, wielding a +0 hand axe and wearing a +0 plate armour (almost dead, 81% to hit)
The searing ray hits the orc warrior but does no damage.
The orc warrior is almost dead. (Press . to maintain the ray.)
The orc warrior hits you with a +0 hand axe.
* * * LOW HITPOINT WARNING * * *
The searing ray hits the orc warrior but does no damage.
The orc warrior is almost dead.
The orc warrior hits you but does no damage.
Without enough magic to sustain it, your searing ray dissipates.
The orc warrior closely misses you.
Okay, then.
You feel better.
The orc warrior hits you but does no damage.
The orc warrior closely misses you.
Unknown command.
Unknown command.
Aiming: Corrosive Bolt
Press: ? - help, Shift-Dir - straight line, f/p - orc warrior
Aim: an orc warrior, wielding a +0 hand axe and wearing a +0 plate armour (almost dead, 71% to hit)
The bolt of acid hits the orc warrior.
The acid corrodes the orc warrior!
The orc warrior is almost dead.
You block the orc warrior's attack.
Aiming: Corrosive Bolt
Press: ? - help, Shift-Dir - straight line, f/p - orc warrior
Aim: an orc warrior, wielding a +0 hand axe and wearing a +0 plate armour (almost dead, covered in acid, 71% to hit)
The bolt of acid misses the orc warrior.
The orc warrior hits you with a +0 hand axe!
You die...
Your body disappears without a glow.

.....##.[..#.##
#....#........#
##...#........###
...>....##...##.##
##.#.#........#..##
#####............##
###....#..........#
#..<..##.......o..#
#.........#....@..#
#........###.....##
#........##.......#
#.............#...#
#.....##..........#
#.....#...........#
##.....##..........##
........#.....##....#
...........#.......##


You could see an orc warrior (corroded).

Vanquished Creatures
  A steam dragon (D:7)
  2 ice beasts
  2 necrophages
  2 ogres
  A water moccasin zombie (D:6)
  A centaur zombie (D:6)
  6 hounds
  A bullfrog skeleton (D:5)
  A centaur skeleton (D:6)
  3 iguanas
  An orc wizard (D:6)
  A killer bee zombie (D:4)
  6 adders
  6 gnolls
  A white imp (D:6)
  A worm (D:2)
  2 dart slugs (D:4)
  12 orcs
  3 ball pythons
  2 bat zombies (D:6)
  8 endoplasms
  2 giant cockroaches
  4 goblins
  5 hobgoblins
  2 jackals (D:2)
  3 kobolds
  7 quokkas (D:1)
  6 bats
  4 frilled lizards
  2 rats
  A rat zombie (D:6)
99 creatures vanquished.

Vanquished Creatures (others)
  2 plants (D:5)
2 creatures vanquished.

Grand Total: 101 creatures vanquished

Notes
Turn   | Place    | Note
-------+----------+-------------------------------------------
     0 | D:1      | voltaire321 the Kobold Conjurer began the quest for the
                  | Orb.
     0 | D:1      | Reached XP level 1. HP: 10/10 MP: 3/3
   167 | D:1      | Found a faded altar of an unknown god.
   298 | D:1      | Reached XP level 2. HP: 16/16 MP: 3/5
   327 | D:1      | Reached skill level 3 in Stealth
   606 | D:1      | Learned a level 2 spell: Searing Ray
  1105 | D:2      | Reached skill level 1 in Fighting
  1105 | D:2      | Reached XP level 3. HP: 20/20 MP: 4/6
  1496 | D:2      | Reached XP level 4. HP: 24/25 MP: 2/8
  1997 | D:2      | Found a sacrificial altar of Ru.
  2557 | D:3      | Reached XP level 5. HP: 30/30 MP: 4/9
  2911 | D:3      | Found Zuxtanne's Weapon Emporium.
  3252 | D:3      | Reached skill level 4 in Stealth
  3712 | D:4      | Reached XP level 6. HP: 12/36 MP: 1/10
  4135 | D:4      | Noticed an ogre
  4141 | D:4      | Killed an ogre
  4198 | D:4      | Found a basalt altar of Yredelemnul.
  4483 | D:5      | Entered Level 5 of the Dungeon
  4492 | D:4      | Reached skill level 5 in Stealth
  4492 | D:4      | Reached XP level 7. HP: 38/41 MP: 4/12
  4560 | D:5      | Reached skill level 5 in Conjurations
  4784 | D:5      | Identified the +4 falchion "Utigh" {venom, Int+4}
  5157 | D:5      | Found a blossoming altar of Fedhas.
  5235 | D:5      | Found a glowing silver altar of Zin.
  5235 | D:5      | Noticed an angel
  5295 | D:5      | Found a staircase to the Ecumenical Temple.
  5303 | Temple   | Entered the Ecumenical Temple
  5358 | Temple   | Became a worshipper of Nemelex Xobeh the Trickster
  5763 | D:6      | Learned a level 4 spell: Flame Wave
  5783 | D:6      | Found Zikamah's Assorted Antiques.
  5887 | D:6      | Found an opulent altar of Gozag.
  6070 | D:6      | Reached XP level 8. HP: 48/48 MP: 8/14
  6090 | D:6      | Reached skill level 1 in Invocations
  6156 | D:6      | Reached skill level 5 in Dodging
  6337 | D:6      | Reached skill level 1 in Shields
  6337 | D:6      | Reached skill level 1 in Fire Magic
  6547 | D:6      | Found an ancient bone altar of Kikubaaqudgha.
  6609 | D:6      | Reached skill level 6 in Stealth
  6940 | D:6      | Found a shimmering blue altar of Sif Muna.
  7423 | D:7      | Reached * piety under Nemelex Xobeh
  7484 | D:7      | HP: 2/48 [orc warrior (14)]
  7489 | D:7      | HP: 1/48 [orc warrior (1)]
  7501 | D:7      | Slain by an orc warrior

Illustrated notes

Levels and vault maps discovered:
D:1:      dpeg_arrival_court, layout_basic, hellmonk_ecumenical_altar_blasted
D:2:      layout_basic, basic_altar
D:3:      layout_loops_ring, serial_shops, nicolae_shop_bloodbath_and_beyond
D:4:      layout_rooms, mainiacjoe_overflow_chevrons, minmay_surrounded
D:5:      layout_loops_ring, zin_angel, mainiacjoe_overflow_catwalk,
          minmay_temple_entry_overgrown
D:6:      layout_loops_ring, lemuel_zombie_altar_kikubaaqudgha, led_sif_book,
          mainiacjoe_overflow_six_doors_small, serial_shops,
          nicolae_shop_crystal
D:7:      layout_cave_pools, uniq_crazy_yiuf_cottage
Temple:   minmay_temple_bridge_abc

Skill      XL: |  1  2  3  4  5  6  7  8 |
---------------+-------------------------+-----
Stealth        | 3 4 5 6 |  6.4
Fighting       | 1 2 3 4 |  4.3
Dodging        | 3 4 5 |  5.5
Spellcasting   | 3 4 |  4.5
Conjurations   | 5 |  5.7
Invocations    | 2 |  2.2
Shields        | 1 |  1.6
Fire Magic     | 1 |  1.8
Armour         | |  0.6

Action                   |  1- 3 |  4- 6 |  7- 9 || total
-------------------------+-------+-------+-------++-------
Melee: Unarmed           |    10 |       |       ||    10
       Whip              |       |    66 |     7 ||    73
       Falchion          |       |       |    33 ||    33
       Punch             |       |       |     1 ||     1
 Cast: Magic Dart        |    40 |    19 |    21 ||    80
       Searing Ray       |     3 |    21 |    22 ||    46
Evoke: Wand              |       |       |     3 ||     3
  Use: Scroll            |       |       |    11 ||    11
       Potion            |       |       |     1 ||     1
 Stab: Sleeping          |       |     8 |       ||     8
       Distracted        |       |       |     1 ||     1
Armor: Robe              |     3 |    14 |     4 ||    21
       Ring mail         |       |       |     6 ||     6
Dodge: Dodged            |    10 |    68 |    52 ||   130
Block: Buckler           |       |       |    14 ||    14

Table legend: (Time is in decaauts)
 A = Elapsed time spent in this place.
 B = Non-inter-level travel time spent in this place.
 C = Inter-level travel time spent in this place.
 D = Time resting spent in this place.
 E = Time spent auto-exploring this place.
 F = Levels seen in this place.
 G = Mean time per level.
                   A        B        C        D        E       F      G
               +--------+--------+--------+--------+--------+-----+--------+
         Total |   7521 |   7392 |    129 |   1854 |   4385 |   8 |  940.1 |
       Dungeon |   7304 |   7189 |    115 |   1854 |   4210 |   7 | 1043.4 |
        Temple |    216 |    202 |     14 |      0 |    175 |   1 |  216.0 |
               +--------+--------+--------+--------+--------+-----+--------+

Top non-repeatable levels by time:
     D:6: 1405 daAuts
     D:1: 1263 daAuts
     D:2: 1258 daAuts
     D:4: 1152 daAuts
     D:3: 921 daAuts
     D:5: 919 daAuts
     D:7: 385 daAuts
  Temple: 216 daAuts
